 Dungeon Sprint DCSS version 0.31-a0-750-gfe7b580527 (webtiles) character file.

Game seed: 3181673174732468911

552 rocky1 the Grappler (level 7, -1/66 HPs)
             Began as a Troll Shapeshifter on Sept 15, 2023.
             Was an Initiate of Gozag.
             Slain by an unseen horror (9 damage)
             ... in the Dungeon (Sprint IX: "|||||||||||||||||||||||||||||").
             The game lasted 00:00:45 (145 turns).

rocky1 the Grappler (Troll Shapeshifter)             Turns: 145, Time: 00:00:46

Health: -1/66      AC:  4    Str: 28    XL:     7   Next: 8%
Magic:  6/6        EV: 10    Int:  6    God:    Gozag
Gold:   0          SH:  0    Dex:  9    Spells: 6/6 levels left

rFire   . .          .
                       - Unarmed
rCold   . . .        (no shield)
rNeg    . . .        a - +0 animal skin
rPois   .            (helmet currently unavailable)
rElec   .            (cloak currently unavailable)
rCorr   .            (gloves unavailable)
SInv    .            (boots unavailable)
Will    .....        (no amulet)
Stlth   +            n - +3 ring of strength
HPRegen 1.11/turn    (no ring)
MPRegen 0.10/turn

%: no teleportation
@: beast-form, on berserk cooldown, slowed, very slow
A: beast (slay +4), large, unfitting armour, claws 3, regeneration 1, shaggy fur
1, tough skin 1
a: Begin Untransformation, Renounce Religion, Potion Petition, Call Merchant,
Bribe Branch


You were in the Dungeon.
You worshipped Gozag.
Gozag was noncommittal.
You were a hulking beast.
You visited 1 branch

Inventory:

Armour
 a - a +0 animal skin (worn)
Jewellery
 n - a +3 ring of strength (left claw)
 o - a +3 ring of intelligence
Talismans
 c - a beast talisman (active)
 d - a flux talisman
Wands
 m - a wand of iceblast (10)
Scrolls
 j - 2 scrolls of blinking
 l - 2 scrolls of amnesia
Potions
 b - a potion of lignification
 e - 5 potions of curing
 f - a potion of heal wounds
 g - a potion of haste
 h - 4 potions of magic
 k - a potion of invisibility


   Skills:
 + Level 2.6 Fighting
 + Level 4.4 Dodging
 + Level 10.2 Unarmed Combat
 + Level 9.8 Shapeshifting


You had 6 spell levels left.
You didn't know any spells.
Your spell library was empty.

Dungeon Overview and Level Annotations

Branches:
Dungeon (1/1)

Altars:
Cheibriados
Dithmenos
Elyvilon
Fedhas
Gozag
Hepliaklqana
Kikubaaqudgha
Makhleb
Nemelex Xobeh
Okawaru
Qazlal
Ru
Sif Muna
Trog
Uskayaw
Vehumet
Wu Jian
Xom
Yredelemnul
Zin
The Shining One
Jiyva
Lugonu


Innate Abilities, Weirdness & Mutations

You are a hulking beast.
Your limbs bulge with bestial killing power. (Slay +4)
You are too large for most types of armour.
You have claws for hands.
Your natural rate of healing is unusually fast.
You are covered in fur. (AC +1)
You have tough skin. (AC +1)


Message History

You scratch the wraith.
The wraith is lightly damaged.
The wraith hits you.
You barely miss the wraith.
The wraith is lightly damaged.
The wraith closely misses you.
You closely miss the wraith.
The wraith is lightly damaged.
The wraith closely misses you. The wraith hits you.
The wraith drains your vigour!
You feel as though you will be slow longer.
You mangle the wraith!! You claw the wraith, but do no damage.
The wraith is almost destroyed.
The wraith closely misses you.
You claw the wraith!
You destroy the wraith!
Your Unarmed Combat skill increases to level 10!
You have reached level 7!
Deactivating autopickup; reactivate with Ctrl-A.
You scratch something. Something hits you!
You claw something! Something hits you. x2
You closely miss something.
Something hits you but does no damage. x2
You closely miss something. Something hits you.
Something hits you but does no damage. Something hits you!
You miss something. Something hits you.
* * * LOW HITPOINT WARNING * * *
Something hits you.
* * * LOW HITPOINT WARNING * * *
You mangle something!! Something hits you but does no damage.
Something hits you but does no damage. Something hits you.
* * * LOW HITPOINT WARNING * * *
Something hits you but does no damage.
Things that are here:
153 gold pieces; a +0 hand axe; a +0 chain mail Something hits you!
* * * LOW HITPOINT WARNING * * *
Something hits you but does no damage.
You completely miss something. Something hits you!
You die...
Your body crumbles into a pile of gold.

▓+▓
▓.▓
▓.▓
▓.▓
▓{▓
▓h▓
▓$▓
▓$▓
▓.▓
▓.▓
▓[▓
▓[▓
▓[▓
▓.▓


There were no monsters in sight!

Vanquished Creatures
  A vampire (D)
  A wraith (D)
  2 orc warriors (D)
  A howler monkey (D)
  An iguana (D)
  A white imp (D)
  An orc (D)
  A hobgoblin (D)
  2 jackals (D)
  A quokka (D)
  A ball python (D)
  A bat (D)
  A kobold (D)
15 creatures vanquished.

Notes
Turn   | Place    | Note
-------+----------+-------------------------------------------
     0 | D        | rocky1 the Troll Shapeshifter began the quest for the Orb.
     0 | D        | Reached XP level 1. HP: 18/18 MP: 0/0
    28 | D        | Noticed an iguana
    45 | D        | Killed an iguana
    46 | D        | Reached skill level 1 in Fighting
    46 | D        | Reached skill level 4 in Unarmed Combat
    46 | D        | Reached skill level 5 in Shapeshifting
    46 | D        | Reached XP level 2. HP: 16/27 MP: 1/1
    46 | D        | Reached XP level 3. HP: 20/33 MP: 2/2
    51 | D        | Reached skill level 5 in Unarmed Combat
    63 | D        | Found a snail-covered altar of Cheibriados.
    63 | D        | Found a shadowy altar of Dithmenos.
    63 | D        | Found a white marble altar of Elyvilon.
    63 | D        | Found a blossoming altar of Fedhas.
    63 | D        | Found an opulent altar of Gozag.
    64 | D        | Found a hazy altar of Hepliaklqana.
    65 | D        | Found a viscous altar of Jiyva.
    66 | D        | Found an ancient bone altar of Kikubaaqudgha.
    67 | D        | Found a corrupted altar of Lugonu.
    70 | D        | Found a burning altar of Makhleb.
    71 | D        | Found a sparkling altar of Nemelex Xobeh.
    72 | D        | Found an iron altar of Okawaru.
    73 | D        | Became a worshipper of Gozag Ym Sagoz the Greedy
    74 | D        | Found a stormy altar of Qazlal.
    77 | D        | Found a sacrificial altar of Ru.
    78 | D        | Found a shimmering blue altar of Sif Muna.
    79 | D        | Found a bloodstained altar of Trog.
    80 | D        | Found a hide-covered altar of Uskayaw.
    81 | D        | Found a radiant altar of Vehumet.
    82 | D        | Found an ornate altar of the Wu Jian Council.
    83 | D        | Found a shimmering altar of Xom.
    84 | D        | Found a basalt altar of Yredelemnul.
    85 | D        | Found a glowing silver altar of Zin.
    86 | D        | Found a glowing golden altar of the Shining One.
   110 | D        | Noticed a wraith
   110 | D        | Noticed an orc warrior
   110 | D        | Noticed a vampire
   110 | D        | Noticed an orc warrior
   114 | D        | Reached XP level 4. HP: 41/41 MP: 3/3
   117 | D        | Killed an orc warrior
   118 | D        | Reached skill level 7 in Unarmed Combat
   118 | D        | Reached XP level 5. HP: 48/48 MP: 4/4
   121 | D        | HP: 1/72 [something (19)]
   125 | D        | Killed a vampire
   126 | D        | Reached skill level 8 in Unarmed Combat
   126 | D        | Reached XP level 6. HP: 4/57 MP: 5/5
   128 | D        | Killed an orc warrior
   129 | D        | Reached skill level 9 in Unarmed Combat
   136 | D        | Killed a wraith
   137 | D        | Reached skill level 10 in Unarmed Combat
   137 | D        | Reached XP level 7. HP: 45/66 MP: 6/6
   145 | D        | Slain by an unseen horror

Illustrated notes

Levels and vault maps discovered:
D:        linesprint [early_d, line_temple, items_1, d_10, items_2, lair_1,
          lair_end, items_3, orc_1, orc_end, items_4, d_15, swamp_1, shoals_1,
          snake_1, spider_1, d_20, vaults_1, items_5, swamp_end, shoals_end,
          snake_end, spider_end, vaults_end, d_27, items_6, zot_1, zot_end,
          crypt_end, forest_end, elf_end, slime_end, tomb_end, abyss_end,
          pan_hell_end]

Skill      XL: |  1  2  3  4  5  6 |
---------------+-------------------+-----
Shapeshifting  | 5 6 7 8 9 |  9.8
Fighting       | 1 2 |  2.6
Dodging        | 2 3 4 |  4.4
Unarmed Combat | 4 5 7 8 10 | 10.2

Action                     |  1- 3 |  4- 6 |  7- 9 || total
---------------------------+-------+-------+-------++-------
  Melee: Unarmed           |    39 |    20 |     7 ||    66
         Punch             |       |     1 |       ||     1
    Use: Potion            |     1 |     2 |       ||     3
 Armour: Animal skin       |    18 |    11 |    17 ||    46
  Dodge: Dodged            |    17 |     6 |       ||    23

Table legend: (Time is in decaauts)
 A = Elapsed time spent in this place.
 B = Non-inter-level travel time spent in this place.
 C = Inter-level travel time spent in this place.
 D = Time resting spent in this place.
 E = Time spent auto-exploring this place.
 F = Levels seen in this place.
 G = Mean time per level.
                   A        B        C        D        E       F      G
               +--------+--------+--------+--------+--------+-----+--------+
         Total |    140 |    140 |      0 |      8 |      0 |   1 |  140.0 |
       Dungeon |    140 |    140 |      0 |      8 |      0 |   1 |  140.0 |
               +--------+--------+--------+--------+--------+-----+--------+

Top non-repeatable levels by time:
       D: 140 daAuts
